 Dungeon Crawl Stone Soup version 0.17-a0-1411-g06ff558 (webtiles) character file.

140 urechis the Twirler (level 5, -1/30 HPs)
             Began as a Tengu Gladiator on June 23, 2015.
             Slain by Purgy (3 damage)
             ... on level 3 of the Dungeon.
             The game lasted 00:03:14 (1769 turns).

urechis the Twirler (Tengu Gladiator)               Turns: 1769, Time: 00:03:15

Health: -1/30      AC:  6    Str: 15    XL:     5   Next: 22%
Magic:  6/6        EV: 12    Int:  9    God:
Gold:   105        SH:  0    Dex: 15    Spells: 0 memorised, 4 levels left

rFire  . . .     SeeInvis .     a - +0 quarterstaff
rCold  . . .     Clarity  .     m - +0 ring mail
rNeg   . . .     SustAt   .     (no shield)
rPois  .         Gourm    .     c - +0 hat
rElec  .         Spirit   .     b - +0 cloak
rCorr  .         Warding  .     (no gloves)
rMut   .         Stasis   .     (boots unavailable)
MR     .....                    (no amulet)
Stlth  +.........               (no ring)
                                (no ring)

@: lethally poisoned (-1 -> -2), not resistant to hostile enchantments, very
unstealthy
A: beak, talons 3, able to fly 1
a: Fly


You were on level 3 of the Dungeon.
You were not hungry.

You visited 1 branch of the dungeon, and saw 3 of its levels.

You collected 105 gold pieces.

Inventory:

Hand weapons
 a - a +0 quarterstaff (weapon)
Missiles
 e - 3 throwing nets (quivered)
 n - 7 curare-tipped needles
Armour
 b - a +0 cloak (worn)
 c - a +0 hat (worn)
 m - a +0 ring mail (worn)
Magical devices
 r - a wand of invisibility (5)
Scrolls
 g - a scroll of enchant armour {unknown}
 j - 2 scrolls of identify {unknown}
 o - 2 scrolls of remove curse {unknown}
 p - a scroll of enchant weapon {unknown}
 s - a scroll of teleportation {unknown}
Potions
 f - a potion of mutation {unknown}
 h - a potion of invisibility {unknown}
 i - a potion of agility {unknown}
 k - a potion of heal wounds
 l - a potion of curing {unknown}
 q - 2 potions of cancellation {unknown}
Comestibles
 d - a bread ration
 t - a meat ration


   Skills:
 - Level 2.0 Fighting
 + Level 6.3 Staves
 - Level 2.1 Throwing
 - Level 3.2 Dodging


You had 4 spell levels left.
You didn't know any spells.

Dungeon Overview and Level Annotations

Branches:
Dungeon (3/15)

Altars:
Cheibriados

Annotations:
D:3 Purgy


Innate Abilities, Weirdness & Mutations

You have a beak for a mouth.
You have claws for feet.
You can fly.


Message History

You feel sick.
You hit Purgy but do no damage. Purgy bites you.
* * * LOW HITPOINT WARNING * * *
Purgy claws you but does no damage. x2
A jackal comes into view.
The jackal barks!
You sock Purgy! You claw Purgy.
Purgy is moderately wounded.
Purgy bites you.
* * * LOW HITPOINT WARNING * * *
Purgy closely misses you. Purgy claws you but does no damage.
You hit Purgy.
Purgy is heavily wounded.
Purgy barely misses you. Purgy claws you but does no damage. Purgy claws you.
* * * LOW HITPOINT WARNING * * *
You hit Purgy. You claw Purgy, but do no damage.
Purgy is heavily wounded.
* * * LOW HITPOINT WARNING * * *
You feel sick. Purgy bites you.
You die...

.. .... #.. . #.####
#.##..#.. #....?..##
#.....†(########
###.......#hT@..#
.......).(h(###.#
..#......######.# #
#...............# .# ..
..#.#.#...(..<..#####...
#.....#..##..##.........
.....##..###.###........
#.#.. ..## #............
... #)# ##..(........


You could see Purgy and 2 jackals.

Vanquished Creatures
  A jelly (D:3)
  5 adders
  An ooze (D:2)
  2 worms
  2 giant geckos
  3 bats
  3 giant cockroaches (D:2)
  12 hobgoblins
  4 giant newts (D:1)
  5 goblins
  7 kobolds
  5 rats
50 creatures vanquished.

Notes
Turn   | Place    | Note
--------------------------------------------------------------
     0 | D:1      | urechis the Tengu Gladiator began the quest for the Orb.
     0 | D:1      | Reached XP level 1. HP: 12/12 MP: 2/2
   124 | D:1      | Reached XP level 2. HP: 17/17 MP: 3/3
   136 | D:1      | Reached skill level 4 in Staves
   748 | D:1      | Reached XP level 3. HP: 21/21 MP: 4/4
   930 | D:2      | Found a snail-covered altar of Cheibriados.
  1034 | D:2      | Reached skill level 5 in Staves
  1246 | D:2      | Reached XP level 4. HP: 18/26 MP: 5/5
  1736 | D:3      | Reached skill level 6 in Staves
  1736 | D:3      | Gained mutation: You can fly. [Tengu growth]
  1736 | D:3      | Reached XP level 5. HP: 16/30 MP: 6/6
  1756 | D:3      | Noticed Purgy
  1769 | D:3      | Slain by Purgy

Vault maps used:
D:1:      dpeg_arrival_lava_altar, minivault_11
D:2:      cheibriados_altar_1
D:3:      lemuel_zombie_altar_yredelemnul, serial_aquarium,
          aquarium_bridge_long_separate, aquarium_bridge_straight,
          aquarium_window_corner, aquarium_window_2, aquarium_window_corner,
          aquarium_view_2e, aquarium_view_2g, aquarium_balcony_double_1,
          hangedman_decor_points, uniq_natasha, uniq_purgy

Action                   |  1- 3 |  4- 6 || total
-------------------------+-------+-------++-------
Melee: Quarterstaff      |    82 |    51 ||   133
  Use: Potion            |       |     1 ||     1
  Eat: Bread ration      |       |     1 ||     1
       Chunk             |       |     1 ||     1
